 Dungeon Crawl Stone Soup version 0.27-a0-1200-g94dc6ad4cf (webtiles) character file.

Game seed: 12841847177720866052

129 Lanoc the Chopper (level 5, -3/42 HPs)
             Began as a Formicid Berserker on June 2, 2021.
             Was a Believer of Trog.
             Killed by divine providence
             ... invoked by an orc priest
              (12 damage)
             ... on level 3 of the Dungeon.
             The game lasted 00:03:12 (1927 turns).

Lanoc the Chopper (Formicid Berserker)              Turns: 1927, Time: 00:03:13

Health: -3/42      AC:  5    Str: 21    XL:     5   Next: 35%
Magic:  5/5        EV: 12    Int:  7    God:    Trog [**....]
Gold:   91         SH:  0    Dex: 11    Spells: 4/4 levels left

rFire    . . .     SeeInvis +   a - +1 hand axe
rCold    . . .     Faith    .   (no shield)
rNeg     . . .     Spirit   .   b - +0 animal skin
rPois    .         Reflect  .   (helmet unavailable)
rElec    .         Harm     .   (no cloak)
rCorr    +         Rampage  .   c - +2 pair of gloves
Will     .....                  (no boots)
Stlth    +.........             (no amulet)
HPRegen  0.14/turn              f - ring of resist corrosion
MPRegen  0.09/turn              (no ring)

@: no status effects
A: permanent stasis, dig shafts and tunnels, antennae 3, four strong arms
a: Dig, Shaft Self, Renounce Religion, Trog's Hand


You were on level 3 of the Dungeon.
You worshipped Trog.
Trog was pleased with you.
You visited 1 branch of the dungeon, and saw 3 of its levels.

You collected 91 gold pieces.

Inventory:

Hand Weapons
 a - a +1 hand axe (weapon)
Missiles
 g - 4 atropa-tipped darts
Armour
 b - a +0 animal skin (worn)
 c - a +2 pair of gloves (worn)
Jewellery
 f - a ring of resist corrosion (left hand)
Scrolls
 d - 2 scrolls of teleportation {unknown}
 e - a scroll of acquirement {unknown}
Potions
 h - a potion of curing


   Skills:
 + Level 4.0 Fighting
 * Level 4.2 Axes
 + Level 3.1 Armour
 + Level 2.6 Dodging


You had 4 spell levels left.
You didn't know any spells.
Your spell library was empty.

Dungeon Overview and Level Annotations

Branches:
Dungeon (3/15)

Altars:

Annotations:
D:2 Sigmund


Innate Abilities, Weirdness & Mutations

You cannot be hasted, slowed, berserked, paralysed or teleported.
You can dig through walls and to a lower floor.
You have a pair of large antennae on your head. (SInv)
Your four strong arms can wield two-handed weapons with a shield.


Message History

A gnoll comes into view.
It is wielding a +0 whip of electrocution.
The gnoll shouts!
You hear a shout! x2
There is a stone staircase leading up here.
There is a stone staircase leading up here.
You hit the orc.
The orc is moderately wounded.
The orc hits you with a +0 club.
You hit the gnoll.
The gnoll is moderately wounded.
You barely miss the orc. The gnoll closely misses you.
You barely miss the gnoll.
The gnoll is moderately wounded.
You hit the orc but do no damage. The gnoll closely misses you.
The orc hits you with a +0 club.
You slash the gnoll!
The gnoll is almost dead.
You hit the orc.
The gnoll hits you with a +0 whip of electrocution.
* * * LOW HITPOINT WARNING * * *
The orc closely misses you.
An orc priest comes into view. It is wielding a +0 hand axe.
You slash the gnoll!
You kill the gnoll!
Trog accepts your kill.
You hit the orc but do no damage. The orc completely misses you.
The orc priest mumbles some strange prayers to Beogh against you.
Pain shoots through your body!
* * * LOW HITPOINT WARNING * * *
You hear a shout!
You closely miss the orc.
The orc is heavily wounded.
You hear a shout!
The orc completely misses you.
The orc priest begins to cast a cantrip, but forgets the words!
The orc closely misses you.
You closely miss the orc.
The orc is heavily wounded.
The orc priest mumbles some strange prayers to Beogh against you.
Beogh smites you!
You die...

# ########.#
#o@).....#
##.#.[#..#
#........#
.......g........
.#.#..#..#...#♣♣
?.o#######...♣♣♣≈
...{ { .♣♣♣≈≈≈≈♣
#. ♣♣ ≈≈≈≈P≈##
≈≈≈≈≈≈b<


You could see an orc priest, a gnoll and an orc.

Vanquished Creatures
  A jelly (D:2)
  Natasha (twice) (D:2)
  A gnoll (D:3)
  5 ball pythons
  4 endoplasms
  3 giant cockroaches
  3 goblins (D:1)
  4 hobgoblins
  A quokka (D:1)
  4 bats
  A frilled lizard (D:2)
  8 kobolds (D:2)
  5 rats
42 creatures vanquished.

Vanquished Creatures (others)
  2 fungi (D:2)
  11 plants (D:3)
  8 toadstools (D:2)
21 creatures vanquished.

Grand Total: 63 creatures vanquished

Notes
Turn   | Place    | Note
-------+----------+-------------------------------------------
     0 | D:1      | Lanoc the Formicid Berserker began the quest for the Orb.
     0 | D:1      | Reached XP level 1. HP: 18/18 MP: 1/1
   121 | D:1      | Reached XP level 2. HP: 19/24 MP: 2/2
   549 | D:1      | Reached XP level 3. HP: 28/29 MP: 3/3
   827 | D:2      | Noticed Sigmund
  1397 | D:2      | Reached ** piety under Trog
  1401 | D:2      | Noticed Natasha
  1412 | D:2      | Killed Natasha
  1413 | D:2      | Reached XP level 4. HP: 6/37 MP: 4/4
  1490 | D:2      | Noticed Natasha
  1693 | D:2      | Killed Natasha
  1877 | D:2      | Reached XP level 5. HP: 20/42 MP: 5/5
  1927 | D:3      | Killed from afar by an orc priest

Illustrated notes

Levels and vault maps discovered:
D:1:      evilmike_arrival_home_sweet_home, layout_rooms
D:2:      cheibrodos_fertilizer, layout_rooms, uniq_sigmund,
          uniq_crazy_yiuf_cottage, uniq_natasha
D:3:      layout_basic, nicolae_wu_jian_wuxing_cycle, lemuel_doored_altar,
          lemuel_crystal_altar, serial_bayou_lagoon_b

Skill      XL: |  1  2  3  4 |
---------------+-------------+-----
Dodging        | 2 |  2.6
Axes           | 4 |  4.2
Armour         | 3 |  3.1
Fighting       | 4 |  4.0

Action                   |  1- 3 |  4- 6 || total
-------------------------+-------+-------++-------
Melee: Hand axe          |    93 |    35 ||   128
  Use: Scroll            |     2 |     1 ||     3
       Potion            |     1 |       ||     1
Armor: Animal skin       |    28 |     6 ||    34
Dodge: Dodged            |    72 |    22 ||    94

Table legend: (Time is in decaauts)
 A = Elapsed time spent in this place.
 B = Non-inter-level travel time spent in this place.
 C = Inter-level travel time spent in this place.
 D = Time resting spent in this place.
 E = Time spent auto-exploring this place.
 F = Levels seen in this place.
 G = Mean time per level.
                   A        B        C        D        E       F      G
               +--------+--------+--------+--------+--------+-----+--------+
         Total |   1944 |   1910 |     34 |    427 |   1114 |   3 |  648.0 |
       Dungeon |   1944 |   1910 |     34 |    427 |   1114 |   3 |  648.0 |
               +--------+--------+--------+--------+--------+-----+--------+

Top non-repeatable levels by time:
     D:1: 1025 daAuts
     D:2: 706 daAuts
     D:3: 212 daAuts
